SL
D.C. DIVIDED @ NASHVILLE OUTLAWS
08/17/2037
 
TOP OF THE 1ST
D.C. Divided batting - Pitching for Nashville Outlaws : RHP Matthew Fallows
Pitching: RHP Matthew Fallows
Batting: RHB Kimi Okubo 0-0: Ball
1-0: Foul Ball, location: 2F
1-1: Foul Ball, location: 2F
1-2: Ball
2-2: Foul Ball, location: 2F
2-2: Foul Ball, location: 2F
2-2: Fly out, F7 (Flyball, 7LS, EV 75.0 MPH)
Batting: LHB Yao-pang Chiang 0-0: Ball
1-0: Swinging Strike
1-1: Swinging Strike
1-2: Strikes out swinging
Batting: RHB Dan Vanblarcom 0-0: Ball
1-0: Swinging Strike
1-1: Ball
2-1: Foul Ball, location: 2F
2-2: Ground out 6-3 (Groundball, 6, EV 90.6 MPH)
Top of the 1st over - 0 runs, 0 hits, 0 errors, 0 left on base; D.C. 0 - Nashville 0
BOTTOM OF THE 1ST
Nashville Outlaws batting - Pitching for D.C. Divided : RHP Octavius Pringle
Pitching: RHP Octavius Pringle
Batting: LHB Bartolo Soto 0-0: Ball
1-0: Ball
2-0: Called Strike
2-1: Ball
3-1: Base on Balls
Batting: RHB Mark Toope 0-0: Ball
1-0: Ball
2-0: Ball
3-0: Called Strike
3-1: Foul Ball, location: 2F
3-2: DOUBLE (Flyball, 89XD, EV 106.9 MPH)
Bartolo Soto to third
Runner from 3rd tries for Home, SAFE, throw by CF to home
Batting: RHB Jerry Yates 0-0: Ball
1-0: Swinging Strike
1-1: Called Strike
1-2: Foul Ball, location: 2F
1-2: Strikes out swinging
Batting: LHB Tom Burton 0-0: Foul Ball, location: 2F
0-1: Ball
1-1: Swinging Strike
1-2: Strikes out swinging, 2-3 out at first.
Batting: RHB Javier Sierra 0-0: Ball
1-0: Ball
2-0: Ball
3-0: Called Strike
3-1: Base on Balls
Batting: LHB Salvador Ramírez 0-0: Called Strike
0-1: Called Strike
0-2: Ball
1-2: Ball
2-2: Ball
3-2: Base on Balls
Mark Toope to third
Javier Sierra to second
Batting: LHB Juan Caro 0-0: Called Strike
0-1: DOUBLE (Line Drive, 8RD, EV 104.4 MPH)
Mark Toope scores
Javier Sierra scores
Salvador Ramírez to third
Runner from 3rd tries for Home, throw by CF and OUT! 8-4-2
Bottom of the 1st over - 3 runs, 2 hits, 0 errors, 1 left on base; D.C. 0 - Nashville 3
TOP OF THE 2ND
D.C. Divided batting - Pitching for Nashville Outlaws : RHP Matthew Fallows
Batting: RHB Jay Hood 0-0: Ball
1-0: Swinging Strike
1-1: Fly out, F8 (Line Drive, 8RD, EV 94.4 MPH)
Batting: RHB Amon-Ra St. Brown 0-0: Ball
1-0: Fly out, F7 (Line Drive, 7, EV 91.2 MPH)
Batting: RHB Chip Mullaney 0-0: Foul Ball, location: 2F
0-1: Foul Ball, location: 2F
0-2: Foul Ball, location: 2F
0-2: Strikes out looking
Top of the 2nd over - 0 runs, 0 hits, 0 errors, 0 left on base; D.C. 0 - Nashville 3
BOTTOM OF THE 2ND
Nashville Outlaws batting - Pitching for D.C. Divided : RHP Octavius Pringle
Batting: RHB Justin Smelter 0-0: Called Strike
0-1: DOUBLE (Line Drive, 9LM, EV 108.8 MPH)
Batting: LHB Seung-min Sin 0-0: Ball
1-0: Foul Ball, location: 2F
1-1: Foul Ball, location: 2F
1-2: Foul Ball, location: 2F
1-2: Ball
2-2: Strikes out swinging
Batting: LHB Bartolo Soto 0-0: Ball
1-0: Called Strike
1-1: Ball
2-1: Fly out, F7 (Flyball, 7, EV 93.1 MPH)
Batting: RHB Mark Toope 0-0: Ball
1-0: Foul Ball, location: 2F
1-1: Foul Ball, location: 2F
1-2: Fly out, F2 (Popup, 3SF, EV 88.8 MPH)
Bottom of the 2nd over - 0 runs, 1 hit, 0 errors, 1 left on base; D.C. 0 - Nashville 3
TOP OF THE 3RD
D.C. Divided batting - Pitching for Nashville Outlaws : RHP Matthew Fallows
Batting: RHB Júlio Rodríguez 0-0: Ball
1-0: Fly out, F2 (Popup, 25F, EV 86.2 MPH)
Batting: RHB Martín Chávez 0-0: Fly out, F8 (Flyball, 89M, EV 93.8 MPH)
Batting: RHB John Alexander 0-0: Called Strike
0-1: Foul Ball, location: 2F
0-2: Ball
1-2: Ball
2-2: Ball
3-2: Strikes out swinging
Top of the 3rd over - 0 runs, 0 hits, 0 errors, 0 left on base; D.C. 0 - Nashville 3
BOTTOM OF THE 3RD
Nashville Outlaws batting - Pitching for D.C. Divided : RHP Octavius Pringle
Batting: RHB Jerry Yates 0-0: Ball
1-0: Ball
2-0: Called Strike
2-1: Foul Ball, location: 2F
2-2: Ball
3-2: Foul Ball, location: 2F
3-2: Strikes out looking
Batting: LHB Tom Burton 0-0: Foul Ball, location: 2F
0-1: Ball
1-1: Ball
2-1: Ball
3-1: Called Strike
3-2: Foul Ball, location: 2F
3-2: Foul Ball, location: 2F
3-2: SINGLE (Flyball, 6D, EV 88.1 MPH)
Batting: RHB Javier Sierra 0-0: Fly out, F9 (Flyball, 9, EV 94.4 MPH)
Batting: LHB Salvador Ramírez 0-0: Called Strike
0-1: Ball
1-1: Fly out, F9 (Line Drive, 9, EV 105.0 MPH)
Bottom of the 3rd over - 0 runs, 1 hit, 0 errors, 1 left on base; D.C. 0 - Nashville 3
TOP OF THE 4TH
D.C. Divided batting - Pitching for Nashville Outlaws : RHP Matthew Fallows
Batting: RHB Kimi Okubo 0-0: Ball
1-0: Ball
2-0: Ball
3-0: Called Strike
3-1: Called Strike
3-2: Foul Ball, location: 2F
3-2: Base on Balls
Batting: LHB Yao-pang Chiang 0-0: Ball
Kimi Okubo is caught stealing 2nd base 2-6
1-0: Ball
2-0: Ball
3-0: Base on Balls
Batting: RHB Dan Vanblarcom 0-0: Foul Ball, location: 2F
0-1: Ball
1-1: Ball
2-1: Foul Ball, location: 2F
2-2: Fly out, F8 (Flyball, 8LXD, EV 105.0 MPH)
Batting: RHB Jay Hood 0-0: Ball
1-0: Ball
2-0: Ball
3-0: Called Strike
3-1: Base on Balls
Yao-pang Chiang to second
Batting: RHB Amon-Ra St. Brown 0-0: Called Strike
0-1: Fly out, F7 (Line Drive, 7, EV 90.6 MPH)
Top of the 4th over - 0 runs, 0 hits, 0 errors, 2 left on base; D.C. 0 - Nashville 3
BOTTOM OF THE 4TH
Nashville Outlaws batting - Pitching for D.C. Divided : RHP Octavius Pringle
Batting: LHB Juan Caro 0-0: Swinging Strike
0-1: Ball
1-1: Ball
2-1: Called Strike
2-2: Foul Ball, location: 2F
2-2: DOUBLE (Line Drive, 7LS, EV 94.4 MPH)
Batting: RHB Justin Smelter 0-0: Ground out 6-3 (Groundball, 6, EV 101.9 MPH)
Batting: LHB Seung-min Sin 0-0: Swinging Strike
0-1: Ball
Juan Caro steals 3rd base
1-1: Called Strike
1-2: Strikes out swinging
Batting: LHB Bartolo Soto 0-0: SINGLE (Groundball, 4D, EV 100.0 MPH)
Juan Caro scores
Batting: RHB Mark Toope 0-0: Called Strike
0-1: Ball
1-1: Called Strike
Bartolo Soto steals 2nd base
1-2: Foul Ball, location: 2F
1-2: Ball
2-2: SINGLE (Groundball, 4M, EV 105.6 MPH) (infield hit)
Bartolo Soto to third
Batting: RHB Jerry Yates 0-0: DOUBLE (Groundball, 3L, EV 105.6 MPH)
Bartolo Soto scores
Mark Toope to third
Pitching: RHP Randy Gabaldon
Batting: LHB Tom Burton 0-0: Foul Ball, location: 2F
0-1: Ball
1-1: Called Strike
1-2: Ball
2-2: Strikes out looking
Bottom of the 4th over - 2 runs, 4 hits, 0 errors, 2 left on base; D.C. 0 - Nashville 5
TOP OF THE 5TH
D.C. Divided batting - Pitching for Nashville Outlaws : RHP Matthew Fallows
Batting: RHB Chip Mullaney 0-0: Foul Ball, location: 2F
0-1: Swinging Strike
0-2: Ball
1-2: Ball
2-2: Foul Ball, location: 2F
2-2: Ball
3-2: Strikes out swinging, 2-3 out at first.
Batting: RHB Júlio Rodríguez 0-0: Ball
1-0: Called Strike
1-1: Foul Ball, location: 2F
1-2: Ground out 6-3 (Groundball, 6, EV 85.6 MPH)
Batting: RHB Martín Chávez 0-0: Called Strike
0-1: Foul Ball, location: 2F
0-2: Ball
1-2: Strikes out looking
Top of the 5th over - 0 runs, 0 hits, 0 errors, 0 left on base; D.C. 0 - Nashville 5
BOTTOM OF THE 5TH
Nashville Outlaws batting - Pitching for D.C. Divided : RHP Randy Gabaldon
Batting: RHB Javier Sierra 0-0: Ball
1-0: SINGLE (Groundball, 56, EV 106.2 MPH) (infield hit)
Batting: LHB Salvador Ramírez 0-0: Called Strike
0-1: Ball
1-1: Ball
2-1: Foul Ball, location: 2F
2-2: Grounds out, U3 (Groundball, 3L, EV 90.6 MPH)
Batting: LHB Juan Caro 0-0: Fly out, F9 (Line Drive, 9S, EV 90.0 MPH)
Batting: RHB Justin Smelter 0-0: Swinging Strike
0-1: Ball
1-1: Swinging Strike
1-2: Ball
2-2: Foul Ball, location: 2F
2-2: Strikes out swinging
Bottom of the 5th over - 0 runs, 1 hit, 0 errors, 1 left on base; D.C. 0 - Nashville 5
TOP OF THE 6TH
D.C. Divided batting - Pitching for Nashville Outlaws : RHP Matthew Fallows
Batting: RHB John Alexander 0-0: Fly out, F7 (Flyball, 78D, EV 100.0 MPH)
Batting: RHB Kimi Okubo 0-0: Swinging Strike
0-1: Foul Ball, location: 2F
0-2: Ball
1-2: Strikes out looking
Batting: LHB Yao-pang Chiang 0-0: Called Strike
0-1: Ball
1-1: Ball
2-1: Foul Ball, location: 2F
2-2: Ball
3-2: Fly out, F8 (Line Drive, 8RD, EV 98.8 MPH)
Top of the 6th over - 0 runs, 0 hits, 0 errors, 0 left on base; D.C. 0 - Nashville 5
BOTTOM OF THE 6TH
Nashville Outlaws batting - Pitching for D.C. Divided : RHP Randy Gabaldon
Batting: LHB Seung-min Sin 0-0: Called Strike
0-1: Foul Ball, location: 2F
0-2: Strikes out swinging
Batting: LHB Bartolo Soto 0-0: Ball
1-0: Called Strike
1-1: Ball
2-1: SINGLE (Line Drive, 7S, EV 97.5 MPH)
Batting: RHB Mark Toope 0-0: Called Strike
0-1: Ball
1-1: Foul Ball, location: 2F
1-2: Foul Ball, location: 2F
1-2: Ball
2-2: Foul Ball, location: 2F
2-2: Foul Ball, location: 2F
2-2: Foul Ball, location: 2F
2-2: Fielders Choice at 2nd, 1-6 (Groundball, 34S, EV 62.5 MPH)
Batting: RHB Jerry Yates 0-0: Called Strike
Mark Toope steals 2nd base
0-1: SINGLE (Line Drive, 56D, EV 106.9 MPH)
Mark Toope to third
Runner from 3rd tries for Home, SAFE, throw by LF to home
Jerry Yates to second
Batting: LHB Tom Burton 0-0: Foul Ball, location: 2F
0-1: Swinging Strike
0-2: SINGLE (Line Drive, 7S, EV 107.5 MPH)
Jerry Yates to third
Runner from 3rd tries for Home, throw by LF and OUT! 7-2
Bottom of the 6th over - 1 run, 3 hits, 0 errors, 1 left on base; D.C. 0 - Nashville 6
TOP OF THE 7TH
D.C. Divided batting - Pitching for Nashville Outlaws : RHP Matthew Fallows
Batting: RHB Dan Vanblarcom 0-0: Ball
1-0: Swinging Strike
1-1: Foul Ball, location: 2F
1-2: Ball
2-2: Foul Ball, location: 2F
2-2: Ground out 6-3 (Groundball, 6, EV 91.9 MPH)
Batting: RHB Jay Hood 0-0: Ball
1-0: Ball
2-0: Swinging Strike
2-1: Foul Ball, location: 2F
2-2: Ball
3-2: Strikes out swinging
Batting: RHB Amon-Ra St. Brown 0-0: Foul Ball, location: 2F
0-1: Ball
1-1: Ball
2-1: SINGLE (Groundball, 3, EV 103.8 MPH) (infield hit)
Batting: RHB Chip Mullaney 0-0: Called Strike
0-1: Foul Ball, location: 2F
0-2: Strikes out swinging, 2-3 out at first.
Top of the 7th over - 0 runs, 1 hit, 0 errors, 1 left on base; D.C. 0 - Nashville 6
BOTTOM OF THE 7TH
Nashville Outlaws batting - Pitching for D.C. Divided : RHP Randy Gabaldon
Batting: RHB Javier Sierra 0-0: Swinging Strike
0-1: Ball
1-1: Called Strike
1-2: Fly out, F9 (Line Drive, 9LM, EV 90.6 MPH)
Batting: LHB Salvador Ramírez 0-0: Ball
1-0: Ball
2-0: Ball
3-0: Base on Balls
Batting: LHB Juan Caro 0-0: Ball
1-0: Swinging Strike
1-1: Ball
2-1: Fielders Choice at 2nd, 4-6 (Groundball, 4, EV 105.0 MPH)
Batting: RHB Justin Smelter 0-0: Foul Ball, location: 2F
0-1: Ball
1-1: Ground out 4-3 (Groundball, 4, EV 87.5 MPH)
Bottom of the 7th over - 0 runs, 0 hits, 0 errors, 1 left on base; D.C. 0 - Nashville 6
TOP OF THE 8TH
D.C. Divided batting - Pitching for Nashville Outlaws : RHP Matthew Fallows
Pitching: LHP Yu-eh Mi
Batting: RHB Júlio Rodríguez 0-0: Foul Ball, location: 2F
0-1: Called Strike
0-2: Ball
1-2: Foul Ball, location: 2F
1-2: Foul Ball, location: 2F
1-2: Foul Ball, location: 2F
1-2: Fly out, F9 (Line Drive, 9, EV 100.6 MPH)
Batting: RHB Martín Chávez 0-0: Ball
1-0: Swinging Strike
1-1: Swinging Strike
1-2: Ball
2-2: Ground out 6-3 (Groundball, 6, EV 80.0 MPH)
Batting: RHB John Alexander 0-0: Foul Ball, location: 2F
0-1: Ball
1-1: Swinging Strike
1-2: Foul Ball, location: 2F
1-2: Strikes out swinging
Top of the 8th over - 0 runs, 0 hits, 0 errors, 0 left on base; D.C. 0 - Nashville 6
BOTTOM OF THE 8TH
Nashville Outlaws batting - Pitching for D.C. Divided : RHP Randy Gabaldon
Batting: LHB Seung-min Sin 0-0: Ball
1-0: Fly out, F8 (Line Drive, 8RM, EV 100.6 MPH)
Batting: LHB Bartolo Soto 0-0: Called Strike
0-1: Ball
1-1: Swinging Strike
1-2: Fly out, F9 (Flyball, 9S, EV 93.1 MPH)
Batting: RHB Mark Toope 0-0: Ball
1-0: Foul Ball, location: 2F
1-1: Foul Ball, location: 2F
1-2: Ball
2-2: Ball
3-2: SINGLE (Line Drive, 89S, EV 105.0 MPH)
Batting: RHB Jerry Yates 0-0: Foul Ball, location: 2F
0-1: Swinging Strike
0-2: Foul Ball, location: 2F
0-2: Ball
1-2: Ball
2-2: Fly out, F7 (Flyball, 7S, EV 95.0 MPH)
Bottom of the 8th over - 0 runs, 1 hit, 0 errors, 1 left on base; D.C. 0 - Nashville 6
TOP OF THE 9TH
D.C. Divided batting - Pitching for Nashville Outlaws : LHP Yu-eh Mi
Batting: RHB Kimi Okubo 0-0: Swinging Strike
0-1: Ball
1-1: Foul Ball, location: 2F
1-2: Strikes out swinging
Batting: LHB Yao-pang Chiang 0-0: Ball
1-0: Foul Ball, location: 2F
1-1: Swinging Strike
1-2: Foul Ball, location: 2F
1-2: Ball
2-2: Ball
3-2: Base on Balls
Batting: RHB Dan Vanblarcom 0-0: Swinging Strike
0-1: Foul Ball, location: 2F
0-2: SINGLE (Line Drive, 7S, EV 101.9 MPH)
Yao-pang Chiang to second
Batting: RHB Jay Hood 0-0: Ball
1-0: Called Strike
1-1: Called Strike
1-2: Foul Ball, location: 2F
1-2: Foul Ball, location: 2F
1-2: Foul Ball, location: 2F
1-2: Ball
2-2: Strikes out swinging
Batting: RHB Amon-Ra St. Brown 0-0: Ball
1-0: Ball
2-0: TRIPLE (Line Drive, 8LXD, EV 99.4 MPH)
Yao-pang Chiang scores
Dan Vanblarcom scores
Pinch Runner at 3rd Ken Bone:
Batting: RHB Chip Mullaney 0-0: Called Strike
0-1: Ball
1-1: DOUBLE (Groundball, 5L, EV 108.8 MPH)
Ken Bone scores
Pitching: RHP John Rigsby
Batting: RHB Júlio Rodríguez 0-0: Called Strike
0-1: Ball
1-1: Ball
2-1: 2-RUN HOME RUN (Flyball, 7D, EV 107.5 MPH), Distance : 402 ft
Pinch Hitting: LHB Silas Givens 0-0: Foul Ball, location: 2F
0-1: Called Strike
0-2: Ball
1-2: Ground out 1-3 (Groundball, 34S, EV 86.2 MPH)
Top of the 9th over - 5 runs, 4 hits, 0 errors, 0 left on base; D.C. 5 - Nashville 6
Thursday, January 23rd, 2020 - OOTP Baseball 20.8 Build 74